 Dungeon Crawl Stone Soup version 0.31-a0-557-g6e16503903 (webtiles) character file.

Game seed: 13244687914973899977

4562 Midn8 the Fighter (level 10, -2/88 HPs)
             Began as a Yellow Draconian Venom Mage on Aug 17, 2023.
             Was a Priest of Fedhas.
             Killed by an exploding ballistomycete spore (19 damage)
             ... set off by their pet
             ... on level 9 of the Dungeon.
             The game lasted 00:28:15 (11567 turns).

Midn8 the Fighter (Yellow Draconian Venom Mage)    Turns: 11567, Time: 00:28:15

Health: -2/88      AC: 12    Str: 10    XL:     10   Next: 18%
Magic:  22/25      EV: 13    Int: 25    God:    Fedhas [***...]
Gold:   498        SH:  0    Dex: 13    Spells: 5/17 levels left

rFire   . . .        q - +3 quarterstaff
rCold   . . .        (shield currently unavailable)
rNeg    . . .        (body armour unavailable)
rPois   .            p - +2 hat
rElec   .            y - +0 cloak
rCorr   +            (no gloves)
SInv    .            G - +1 pair of boots
Will    .....        (no amulet)
Stlth   +            t - +6 ring of intelligence
HPRegen 0.34/turn    B - ring of magical power
MPRegen 0.19/turn

%: no passive effects
@: confused, weak-willed
A: spit acid, AC +7, unfitting armour, cold-blooded, acid resistance
a: Breathe Acid, Renounce Religion, Wall of Briars, Grow Ballistomycete


You were on level 9 of the Dungeon.
You worshipped Fedhas.
Fedhas was most pleased with you.
You visited 1 branch of the dungeon, and saw 9 of its levels.

You collected 498 gold pieces.

Inventory:

Hand Weapons
 f - a +0 short sword
 q - a +3 quarterstaff (weapon)
 v - a +3 dagger of draining
Missiles
 j - 10 javelins
 x - 3 throwing nets
 F - a curare-tipped dart
Armour
 e - a +0 pair of boots
 p - a +2 hat (worn)
 y - a +0 cloak (worn)
 G - a +1 pair of boots (worn)
Magical Staves
 h - a staff of fire
Jewellery
 t - a +6 ring of intelligence (left hand)
 B - a ring of magical power (right hand)
 H - a ring of magical power
Talismans
 I - a maw talisman
Wands
 b - a wand of light (7)
 C - a wand of iceblast (6)
Scrolls
 c - 3 scrolls of enchant weapon
 d - a scroll of torment {unknown}
 g - 5 scrolls of teleportation
 k - a scroll of vulnerability {unknown}
 l - 3 scrolls of identify {unknown}
 o - a scroll of fog {unknown}
 r - a scroll of enchant armour {unknown}
 s - a scroll of fear
 u - a scroll of summoning {unknown}
 w - a scroll of silence {unknown}
 E - a scroll of poison {unknown}
 K - a scroll of immolation {unknown}
Potions
 a - a potion of magic
 i - 3 potions of curing
 m - a potion of heal wounds {unknown}
 n - a potion of berserk rage {unknown}
 z - a potion of mutation {unknown}
 A - a potion of lignification {unknown}
 D - 2 potions of enlightenment {unknown}
 J - a potion of haste {unknown}


   Skills:
 - Level 8.0 Fighting
 - Level 5.0 Dodging
 - Level 1.7 Stealth
 + Level 6.0 Unarmed Combat
 - Level 4.0 Spellcasting
 - Level 1.0 Transmutations
 - Level 4.0 Air Magic
 - Level 7.0 Poison Magic
 - Level 6.0 Invocations


You had 5 spell levels left.
You knew the following spells:

 Your Spells              Type           Power      Damage    Failure   Level
a - Sting                 Tmut/Pois      100%       1d8       1%          1
c - Mephitic Cloud        Conj/Pois/Air  23%        N/A       6%          3
g - Olgreb's Toxic Radia  Pois           40%        N/A       4%          4
v - Poisonous Vapours     Pois/Air       64%        N/A       1%          2
B - Blink                 Tloc           10%        N/A       14%         2

Your spell library contained the following spells:

 Spells                   Type           Power      Damage    Failure   Level
 Apportation              Tloc           10%        N/A       9%          1
 Foxfire                  Conj/Fire      20%        2x1d5     9%          1
 Kiss of Death            Conj/Necr      20%        2d7       9%          1
 Lesser Beckoning         Tloc           10%        N/A       14%         2
 Momentum Strike          Conj/Tloc      10%        3d8       14%         2
 Confusing Touch          Hex            5%         N/A       26%         3
 Alistair's Intoxication  Tmut/Pois      16%        N/A       43%         5
 Animate Dead             Necr           5%         N/A       65%         4
 Dispel Undead            Necr           5%         3d7       65%         4
 Plasma Beam              Fire/Air       7%         2x1d18    99%         6
 Starburst                Conj/Fire      2%         6d3       100%        6
 Haunt                    Necr/Summ      2%         N/A       100%        7
 Infestation              Necr           2%         N/A       100%        8


Dungeon Overview and Level Annotations

Branches:
Dungeon (9/15)             Temple (0/1) D:6
   Lair: D:8-11         Orc: D:9-12

Altars:
Ashenzari
Fedhas
Kikubaaqudgha
Okawaru
Qazlal
Ru
Trog
Vehumet
Xom
The Shining One

Annotations:
D:7 exclusions: door, vampire mosquito and 11 more exclusions


Innate Abilities, Weirdness & Mutations

You can spit globs of acid.
Your golden yellow scales are hard. (AC +7)
You cannot fit into any form of body armour.
You are cold-blooded and may be slowed by cold attacks.
You are resistant to acid. (rCorr)


Message History

Your ballistomycete spore explodes!
The explosion of spores engulfs you!
You are confused.
The death knight appears confused.
The explosion of spores engulfs the death knight!!
The death knight is moderately wounded.
The death knight closely misses you.
You're too confused to move!
The wight closely misses you. The phantasmal warrior gestures at you.
The phantasmal warrior blinks!
The skeletal warrior hits you with a +0 short sword.
The death knight hits you with a +2 glaive of distortion!!
A ballistomycete spore comes into view.
Items here: )) = [[.
You bump into the rock wall.
You feel less confused.
Your ballistomycete spore explodes!
The explosion of spores engulfs the wight!!
You destroy the wight!
Fedhas accepts your kill. The explosion of spores engulfs you!
You are confused.
The skeletal warrior hits you but does no damage.
Your Unarmed Combat skill increases to level 6!
Unknown command.
The death knight ponders the situation.
A ballistomycete spore comes into view.
The skeletal warrior attacks as you move away!
The skeletal warrior misses you. The phantasmal warrior hits you!!
* * * LOW HITPOINT WARNING * * *
Your willpower is stripped away!
A ballistomycete spore comes into view.
Unknown command.
You feel better.
Your ballistomycete spore explodes!
The explosion of spores engulfs you!!
You are confused.
You die...
Fedhas appreciates your contribution to the ecosystem.

#.# #.# #.# #.# ###.#
######*..##### .#
#.......)....# .#
#.###P..####.# .#
####.##.##...@W###.###.###
......)).)...z..##.#.....#
##...)..##..)Wp.##.#.....###
#.#.#..###...#.............
.................#.....##
#..#z#z###...#######.....#
.#....> #.#.# ####### .#####
#.#.# #.#.#


You could see a death knight (confused, very poisoned, ally target), a skeletal
warrior, a phantasmal warrior, a freezing wraith, a friendly ballistomycete
(summoned) and a friendly ballistomycete spore.

Vanquished Creatures
  A moth of wrath (D:4)
  A wyvern (D:8)
  Eustachio (D:5)
  2 steam dragons
  A water moccasin (D:8)
  Duvessa (D:5)
  A black bear (D:8)
  2 ice beasts (D:6)
  3 sky beasts
  An ogre (D:7)
  A centaur (D:9)
  2 kobold brigands
  A phantom (D:5)
  2 bullfrogs
  4 gnoll sergeants
  17 wights
  Dowan (D:5)
  3 howler monkeys (D:8)
  5 hounds
  An orc priest (D:4)
  3 gnoll boudas
  3 iguanas
  8 orc wizards
  31 gnolls
  11 adders
  2 shadow imps
  2 ufetubi
  4 worms
  2 dart slugs
  34 orcs
  4 bats
  6 endoplasms
  4 giant cockroaches
  5 goblins
  8 hobgoblins
  3 quokkas
  3 ball pythons
  3 frilled lizards
  16 kobolds
  11 rats
214 creatures vanquished.

Vanquished Creatures (collateral kills)
  16 ballistomycete spores
16 creatures vanquished.

Vanquished Creatures (others)
  A hound (D:6)
1 creature vanquished.

Grand Total: 231 creatures vanquished

Notes
Turn   | Place    | Note
-------+----------+-------------------------------------------
     0 | D:1      | Midn8 the Draconian Venom Mage began the quest for the Orb.
     0 | D:1      | Reached XP level 1. HP: 14/14 MP: 3/3
   388 | D:1      | Reached XP level 2. HP: 20/20 MP: 0/5
  1053 | D:2      | Learned a level 2 spell: Poisonous Vapours
  1182 | D:2      | Reached XP level 3. HP: 21/26 MP: 0/7
  1938 | D:2      | Reached XP level 4. HP: 33/33 MP: 7/10
  1972 | D:2      | Reached skill level 1 in Air Magic
  2702 | D:3      | Found a blossoming altar of Fedhas.
  2843 | D:3      | Became a worshipper of Fedhas Madash
  3040 | D:3      | Reached XP level 5. HP: 38/38 MP: 9/11
  3307 | D:3      | Learned a level 3 spell: Mephitic Cloud
  3612 | D:3      | Found a faded altar of an unknown god.
  3800 | D:3      | Reached * piety under Fedhas
  4231 | D:4      | Reached skill level 5 in Poison Magic
  4244 | D:4      | Reached XP level 6. HP: 32/45 MP: 4/12
  4488 | D:4      | Learned a level 4 spell: Olgreb's Toxic Radiance
  5005 | D:4      | Noticed a moth of wrath
  5104 | D:4      | Killed a moth of wrath
  5105 | D:4      | Reached skill level 4 in Fighting
  5105 | D:4      | Your scales start taking on a golden yellow colour.
  5105 | D:4      | Reached XP level 7. HP: 59/59 MP: 1/13
  5105 | D:4      | Gained mutation: You are resistant to acid. (rCorr) [Yellow
                  | Draconian growth]
  5194 | D:4      | Found a bloodstained altar of Trog.
  5210 | D:4      | Reached ** piety under Fedhas
  5375 | D:5      | Entered Level 5 of the Dungeon
  5545 | D:5      | Reached skill level 1 in Invocations
  5778 | D:5      | Found a radiant altar of Vehumet.
  5827 | D:5      | Reached XP level 8. HP: 66/66 MP: 5/14
  6188 | D:5      | Noticed Eustachio
  6198 | D:5      | Killed Eustachio
  6199 | D:5      | Reached skill level 5 in Fighting
  6590 | D:5      | Noticed Dowan
  6591 | D:5      | Noticed Duvessa
  6597 | D:5      | Killed Duvessa
  6606 | D:5      | Killed Dowan
  6607 | D:5      | Reached skill level 6 in Fighting
  7027 | D:6      | Found an ancient bone altar of Kikubaaqudgha.
  7056 | D:6      | Found a staircase to the Ecumenical Temple.
  7154 | D:6      | Reached skill level 5 in Invocations
  7174 | D:6      | Reached *** piety under Fedhas
  8267 | D:7      | Reached XP level 9. HP: 75/75 MP: 15/15
  8270 | D:7      | Learned a level 2 spell: Blink
  8546 | D:7      | Found a stormy altar of Qazlal.
  8658 | D:7      | Reached skill level 7 in Fighting
  8701 | D:7      | Found a sacrificial altar of Ru.
  8832 | D:7      | Found an iron altar of Okawaru.
  9619 | D:8      | Found a broken altar of Ashenzari.
  9645 | D:8      | Reached skill level 8 in Fighting
  9809 | D:8      | Found a shimmering altar of Xom.
  9810 | D:8      | Found a shimmering altar of Xom.
  9811 | D:8      | Found a shimmering altar of Xom.
 10040 | D:8      | Found a shimmering altar of Xom.
 10041 | D:8      | Found a shimmering altar of Xom.
 10042 | D:8      | Found a shimmering altar of Xom.
 10042 | D:8      | Found a shimmering altar of Xom.
 10075 | D:8      | Reached skill level 5 in Dodging
 10075 | D:8      | Reached skill level 1 in Unarmed Combat
 10207 | D:8      | Identified the scarf of Entitlement {+Inv, rC- rN+ rCorr}
 10229 | D:8      | Found a glowing golden altar of the Shining One.
 10760 | D:8      | Reached XP level 10. HP: 88/88 MP: 16/16
 10938 | D:9      | Reached skill level 5 in Unarmed Combat
 11135 | D:9      | Noticed a death knight
 11136 | D:9      | Noticed a phantasmal warrior
 11137 | D:9      | Noticed a skeletal warrior
 11567 | D:9      | Killed by an exploding ballistomycete spore... set off by
                  | their pet

Illustrated notes

Levels and vault maps discovered:
D:1:      sevenhm_arrival_forest_fort_small_3, layout_loops_ring,
          minmay_crystal_water, due_unseen_surprise
D:2:      layout_loops_corners, hangedman_abyss_or_decor_lesser_grid
D:3:      layout_loops_corners, fedhas_altar_fruit_tree,
          dilly_ecumenical_altar_fadedgnrine
D:4:      layout_gridville, tgw_trog, item_on_display_a
D:5:      layout_loops_corners, lemuel_doored_altar, uniq_eustachio,
          uniq_duvessa
D:6:      layout_layer_cave, mainiacjoe_overflow_catwalk,
          minmay_temple_entry_waves
D:7:      layout_loops_corners, mainiacjoe_overflow_catwalk_spiral,
          grunt_qazlal_sundering, minmay_manual_mess
D:8:      layout_basic, tso_oasis_becter, ashenzari_altar_1, xom_redecorated
D:9:      layout_loops_ring, gammafunk_temple_overflow_elements,
          mainiacjoe_overflow_cross_hatched, overflow_temple_1_default

Skill      XL: |  1  2  3  4  5  6  7  8  9 10 |
---------------+-------------------------------+-----
Spellcasting   | 3 4 |  4.0
Air Magic      | 2 4 |  4.0
Poison Magic   | 5 6 7 |  7.0
Fighting       | 4 6 8 |  8.0
Invocations    | 3 6 |  6.0
Dodging        | 5 |  5.0
Unarmed Combat | 4 6 |  6.0
Stealth        | |  1.7
Transmutations | |  1.0

Action                     |  1- 3 |  4- 6 |  7- 9 | 10-12 || total
---------------------------+-------+-------+-------+-------++-------
  Melee: Unarmed           |    11 |       |       |       ||    11
         Tailslap          |     4 |     5 |    12 |       ||    21
         Short sword       |    13 |       |       |       ||    13
         Quarterstaff      |       |    22 |    97 |     5 ||   124
   Cast: Sting             |    65 |   112 |    32 |       ||   209
         Poisonous Vapours |     2 |    16 |     7 |     1 ||    26
         Olgreb's Toxic Ra |       |     1 |    57 |    14 ||    72
         Blink             |       |       |     1 |       ||     1
 Invoke: Grow Ballistomyce |       |       |     4 |     2 ||     6
         Wall of Briars    |       |       |       |     1 ||     1
Ability: Breathe Acid      |       |       |    10 |     2 ||    12
    Use: Scroll            |       |       |     5 |     2 ||     7
         Potion            |       |       |     1 |     1 ||     2
   Stab: Sleeping          |     1 |       |       |       ||     1
 Armour: Skin              |    12 |    25 |    71 |     7 ||   115
  Dodge: Dodged            |    31 |    46 |    91 |    14 ||   182

Table legend: (Time is in decaauts)
 A = Elapsed time spent in this place.
 B = Non-inter-level travel time spent in this place.
 C = Inter-level travel time spent in this place.
 D = Time resting spent in this place.
 E = Time spent auto-exploring this place.
 F = Levels seen in this place.
 G = Mean time per level.
                   A        B        C        D        E       F      G
               +--------+--------+--------+--------+--------+-----+--------+
         Total |  11607 |  11141 |    466 |   3755 |   5783 |   9 | 1289.7 |
       Dungeon |  11607 |  11141 |    466 |   3755 |   5783 |   9 | 1289.7 |
               +--------+--------+--------+--------+--------+-----+--------+

Top non-repeatable levels by time:
     D:4: 1614 daAuts
     D:7: 1449 daAuts
     D:3: 1443 daAuts
     D:8: 1416 daAuts
     D:2: 1407 daAuts
     D:5: 1394 daAuts
     D:6: 1308 daAuts
     D:1: 1016 daAuts
     D:9: 557 daAuts
